 Dungeon Crawl Stone Soup version 0.30-a0-782-ge64f9170bb (webtiles) character file.

Game seed: 3952016793573059945

403 Leeroy the Ducker (level 6, -2/38 HPs)
             Began as an Octopode Transmuter on Feb 22, 2023.
             Killed by divine providence
             ... invoked by an orc priest
              (16 damage)
             ... on level 4 of the Dungeon.
             The game lasted 00:03:36 (2790 turns).

Leeroy the Ducker (Octopode Transmuter)             Turns: 2790, Time: 00:03:36

Health: -2/38      AC:  1    Str:  9    XL:     6   Next: 86%
Magic:  9/9        EV: 16    Int: 18    God:
Gold:   71         SH:  0    Dex: 18    Spells: 3/9 levels left

rFire   . . .      SeeInvis .      - Unarmed
rCold   . . .      Faith    .    (no shield)
rNeg    . . .      Spirit   .    (helmet restricted)
rPois   .          Reflect  .    n - amulet of regeneration
rElec   .          Harm     .    f - ring of wizardry
rCorr   .          Rampage  .    i - +6 ring of dexterity
Will    .....                    (no ring)
Stlth   +++                      (no ring)
HPRegen 1.06/turn                (no ring)
MPRegen 0.11/turn                (no ring)
                                 (no ring)
                                 (no ring)

@: no status effects
A: almost no armour, amphibious, 8 rings, camouflage 1, gelatinous body 1,
(nimble swimmer 1), tentacles
a: no special abilities


You were on level 4 of the Dungeon.
You visited 1 branch of the dungeon, and saw 4 of its levels.

You collected 71 gold pieces.

Inventory:

Missiles
 d - 3 curare-tipped darts
Jewellery
 f - a ring of wizardry (left tentacle)
 i - a +6 ring of dexterity (right tentacle)
 n - an amulet of regeneration (around mantle)
Scrolls
 e - 4 scrolls of identify {unknown}
 h - a scroll of fog {unknown}
 j - a scroll of teleportation {unknown}
 l - a scroll of summoning {unknown}
 m - 2 scrolls of magic mapping {unknown}
Potions
 a - a potion of lignification
 b - 2 potions of flight {unknown}
 c - a potion of might {unknown}
 g - 2 potions of brilliance {unknown}
 k - 3 potions of curing {unknown}


   Skills:
 - Level 1.0 Fighting
 + Level 5.9 Dodging
 - Level 3.0 Unarmed Combat
 - Level 2.0 Spellcasting
 - Level 4.3 Transmutations


You had 3 spell levels left.
You knew the following spells:

 Your Spells              Type           Power      Damage    Failure   Level
a - Beastly Appendage     Tmut           34%        N/A       1%          1
b - Spider Form           Tmut/Pois      9%         N/A       9%          3
c - Blink                 Tloc           2%         N/A       11%         2

Your spell library contained the following spells:

 Spells                   Type           Power      Damage    Failure   Level
 Wereblood                Tmut           17%        N/A       1%          2
 Kiss of Death            Conj/Necr      4%         2d5       8%          1
 Confusing Touch          Hex            1%         N/A       21%         3
 Gell's Gravitas          Tloc           1%         N/A       21%         3
 Teleport Other           Tloc           1%         N/A       21%         3
 Ice Form                 Ice/Tmut       9%         N/A       28%         4
 Dispel Undead            Necr           1%         3d6       54%         4
 Manifold Assault         Tloc           1%         N/A       54%         4
 Dispersal                Tloc           0%         N/A       100%        6
 Storm Form               Tmut/Air       4%         N/A       100%        7


Dungeon Overview and Level Annotations

Branches:
Dungeon (4/15)
 Temple: D:4-7

Altars:


Innate Abilities, Weirdness & Mutations

You cannot wear most types of armour.
You are amphibious.
You can wear up to eight rings at the same time.
Your skin changes colour to match your surroundings (Stealth+).
Your rubbery body absorbs attacks. (AC +1, EV +1)
((You are camouflaged when in or above water. (Stealth+)))
You have tentacles for arms and can constrict up to eight enemies at once.


Message History

A quokka is nearby!
A quokka is nearby!
The quokka misses you. x2
You tentacle-slap the quokka. You grab the quokka.
The quokka is almost dead.
You constrict the quokka.
You kill the quokka!
No target in view!
No target in view!
No target in view!
No target in view!
A ball python is nearby!
A ball python is nearby!
A hound comes into view.
The ball python hisses angrily.
The orc priest shouts!
You tentacle-slap the hound. You grab the hound.
The hound is lightly wounded.
You constrict the hound. The hound barely misses you.
You tentacle-slap the hound.
You squeeze the hound, but do no damage.
The hound is heavily wounded.
You constrict the hound. The hound bites you.
The ice beast completely misses you.
You release your grip on the hound.
The ice beast attacks as you move away! The ice beast hits you.
The ice beast freezes you! The hound closely misses you.
The ice beast attacks as you move away! The ice beast hits you.
The ice beast freezes you.
* * * LOW HITPOINT WARNING * * *
Okay, then.
Casting: Spider Form (dangerous; 9% risk of failure)
Confirm with . or Enter, or press ? or * to list all spells.
Okay, then.
You aren't carrying any items that you can evoke.
Unknown command.
The hound completely misses you. The ice beast attacks as you move away!
The ice beast barely misses you.
The orc priest calls down the wrath of Beogh upon you.
Beogh smites you!
You die...

######### #.......##########
####.#####.##........ .....#
##.##.##### ####
.########>........#####.....
............#.###Y......###.
..#######.).....@hS.........
..# #...#.#.###o#....... ..#
#...#.#.# #.#....... ..#
.....#.#.# #.#......# ..#
###.#.#.#.# ....##..## ..#
#.#.#.#.# ..!.# #... ..# #
#.#.##....# ### ..#
#.#.##....# ..# #.# #<....+


You could see an ice beast, a hound, an orc priest and a ball python.

Vanquished Creatures
  Grinder (D:3)
  A scorpion (D:4)
  An orc wizard (D:4)
  5 adders
  A worm (D:2)
  A dart slug (D:1)
  5 orcs
  8 bats
  4 endoplasms
  3 giant cockroaches
  7 goblins
  5 hobgoblins
  5 kobolds
  4 quokkas
  7 ball pythons
  4 frilled lizards
  5 rats
67 creatures vanquished.

Notes
Turn   | Place    | Note
-------+----------+-------------------------------------------
     0 | D:1      | Leeroy the Octopode Transmuter began the quest for the Orb.
     0 | D:1      | Reached XP level 1. HP: 13/13 MP: 3/3
   111 | D:1      | Reached XP level 2. HP: 15/18 MP: 5/5
   407 | D:1      | Reached XP level 3. HP: 18/23 MP: 6/6
   459 | D:1      | Learned a level 3 spell: Spider Form
  1163 | D:2      | Reached XP level 4. HP: 23/28 MP: 7/7
  1645 | D:3      | Noticed Grinder
  1648 | D:3      | Paralysed by Grinder for 3 turns
  1936 | D:3      | Learned a level 2 spell: Blink
  2355 | D:3      | Reached skill level 3 in Dodging
  2606 | D:3      | Killed Grinder
  2607 | D:3      | Reached skill level 5 in Dodging
  2607 | D:3      | Reached XP level 5. HP: 20/33 MP: 6/8
  2607 | D:3      | Reached XP level 6. HP: 23/38 MP: 6/9
  2618 | D:4      | Noticed an ice beast
  2790 | D:4      | Killed from afar by an orc priest

Illustrated notes

Levels and vault maps discovered:
D:1:      onia_arrival_mini_maze_b, layout_basic, minmay_tetromino_t2
D:2:      layout_rooms, minmay_tree_intersection, minivault_4,
          amcnicky_mini_corridor_feature, nicolae_concentric_dashed_squares_wild
D:3:      minmay_octagon_keep, layout_basic, uniq_grinder
D:4:      layout_basic, mainiacjoe_overflow_small_starburst,
          minmay_temple_entry_slanted, gammafunk_ghost_split, uniq_robin

Skill      XL: |  1  2  3  4 |
---------------+-------------+-----
Transmutations | 3 4 |  4.3
Dodging        | 5 |  5.9
Fighting       | |  1.0
Unarmed Combat | |  3.0
Spellcasting   | |  2.0

Action                     |  1- 3 |  4- 6 || total
---------------------------+-------+-------++-------
  Melee: Unarmed           |    91 |    83 ||   174
         Constrict         |    26 |    19 ||    45
         Tentacles         |    23 |     9 ||    32
         Punch             |     2 |     3 ||     5
         Kick              |       |     5 ||     5
   Cast: Spider Form       |     1 |     2 ||     3
         Beastly Appendage |       |     1 ||     1
   Stab: Sleeping          |     9 |     6 ||    15
 Armour: Skin              |     4 |     3 ||     7
  Dodge: Dodged            |    53 |    44 ||    97

Table legend: (Time is in decaauts)
 A = Elapsed time spent in this place.
 B = Non-inter-level travel time spent in this place.
 C = Inter-level travel time spent in this place.
 D = Time resting spent in this place.
 E = Time spent auto-exploring this place.
 F = Levels seen in this place.
 G = Mean time per level.
                   A        B        C        D        E       F      G
               +--------+--------+--------+--------+--------+-----+--------+
         Total |   2778 |   2600 |    178 |    296 |   1712 |   4 |  694.5 |
       Dungeon |   2778 |   2600 |    178 |    296 |   1712 |   4 |  694.5 |
               +--------+--------+--------+--------+--------+-----+--------+

Top non-repeatable levels by time:
     D:3: 1124 daAuts
     D:1: 816 daAuts
     D:2: 725 daAuts
     D:4: 111 daAuts
